 Dungeon Crawl Stone Soup version 0.20-b1-24-gb21faa7 (webtiles) character file.

94 MydosGodOfBeginnings the Cudgeler (level 4, -4/35 HPs)
             Began as a Mummy Chaos Knight on May 25, 2017.
             Slain by an orc
             ... wielding a +0 mace
              (5 damage)
             ... on level 3 of the Dungeon.
             The game lasted 00:04:25 (2071 turns).

MydosGodOfBeginnings the Cudgeler (MuCK)            Turns: 2071, Time: 00:04:26

Health: -4/35      AC:  6    Str: 15    XL:     4   Next: 38%
Magic:  0/5        EV: 11    Int: 11    God:    Xom [.....*]
Gold:   67         SH:  0    Dex: 12    Spells: 5/5 levels left

rFire    x . .     SeeInvis .   a - +0 mace (chaos)
rCold    + . .     Gourm    .   (no shield)
rNeg     + + +     Faith    .   b - +2 leather armour
rPois    ∞         Spirit   +   (no helmet)
rElec    .         Reflect  .   (no cloak)
rCorr    .         Harm     .   l - +0 pair of gloves
MR       .....                  (no boots)
Stlth    +.........             d - amulet of guardian spirit
Regen    0.2/turn               (no ring)
MPRegen  0.1/turn               (no ring)

@: no status effects
A: no food or potions, fire vulnerability, cold resistance 1, negative energy
resistance 3, torment resistance, unbreathing
a: Renounce Religion


You were on level 3 of the Dungeon.
You worshipped Xom.
You were Xom's teddy bear.
You were not hungry.

You visited 1 branch of the dungeon, and saw 4 of its levels.

You collected 67 gold pieces.

Inventory:

Hand Weapons
 a - a +0 mace of chaos (weapon)
Armour
 b - a +2 leather armour (worn)
 l - a +0 pair of gloves (worn)
Jewellery
 d - an amulet of guardian spirit (around neck)
Wands
 o - a wand of iceblast (9/15)
Scrolls
 c - a scroll of enchant weapon {unknown}
 e - 2 scrolls of fear {unknown}
 f - 3 scrolls of identify {unknown}
 g - a scroll of recharging {unknown}
 h - 2 scrolls of remove curse
 i - 2 scrolls of teleportation {unknown}
 j - a scroll of noise {unknown}
 k - a scroll of magic mapping {unknown}
 m - 2 scrolls of enchant armour {unknown}
 n - a scroll of amnesia {unknown}


   Skills:
 - Level 3.0 Fighting
 + Level 4.2 Maces & Flails
 - Level 1.5 Armour
 - Level 0.7 Dodging
 - Level 1.0 Spellcasting


You had 5 spell levels left.
You didn't know any spells.

Dungeon Overview and Level Annotations

Branches:
Dungeon (4/15)
 Temple: D:4-7

Altars:
Dithmenos
Fedhas
Uskayaw
Xom


Innate Abilities, Weirdness & Mutations

You do not eat or drink.
Your flesh is vulnerable to fire.
You are immune to poison.
Your flesh is cold resistant. (rC+)
You are immune to negative energy. (rN+++)
You are immune to unholy pain and torment.
You can survive without breathing.


Message History

The orc wizard seems to speed up.
The orc barely misses you. The orc closely misses you.
There is a stone staircase leading up here.
The orc hits you from afar with a trident.
The orc hits you but does no damage.
You climb upwards.
There is a stone staircase leading down here.
Unknown command.
You hit the orc but do no damage. "The weather's been a little too boring around here."
The orc barely misses you.
You hit the orc but do no damage. The orc hits you with a mace.
* * * LOW HITPOINT WARNING * * *
You barely miss the orc. The orc hits you with a mace.
* * * LOW HITPOINT WARNING * * *
You closely miss the orc. The orc completely misses you.
You closely miss the orc. The orc hits you with a mace.
* * * LOW HITPOINT WARNING * * *
You hit the orc but do no damage. The orc hits you with a mace.
You die...

##...## ##.#######...########.
#..#..###.#...................
#.###....###.######.##########
####<.#..###.#.## #.#
........## ##.## #.# ######.##
### #.# ######.### #.#
.........# #########.#
##.#####.# #§o@§§....# #.# #.#
#§######### #.# #.## #.#
#.#####..## #.# ##.#...†...#
#.# .....8.8.8.# #.#
##.........# #.#
#.........###.#
#..#.!.....%..#


You could see an orc.

Vanquished Creatures
  3 adders
  A worm (D:2)
  A dart slug (D:1)
  2 leopard geckos (D:3)
  2 orcs (D:3)
  3 giant cockroaches
  A goblin (D:2)
  7 hobgoblins
  6 jackals (D:2)
  A quokka (D:2)
  2 ball pythons (D:1)
  9 bats
  3 frilled lizards (D:2)
  6 kobolds
  A leopard gecko skeleton (D:4)
  8 rats
56 creatures vanquished.

Notes
Turn   | Place    | Note
-------+----------+-------------------------------------------
     0 | D:1      | MydosGodOfBeginnings the Mummy Chaos Knight began the quest for the Orb.
     0 | D:1      | Reached XP level 1. HP: 18/18 MP: 1/1
   313 | D:1      | XOM: 5-stop teleportation journey
   367 | D:1      | Reached XP level 2. HP: 23/24 MP: 2/2
   571 | D:1      | Reached skill level 3 in Maces & Flails
   805 | D:2      | XOM: smoke on damage
   863 | D:2      | Found a blossoming altar of Fedhas.
   970 | D:2      | Reached skill level 1 in Spellcasting
   970 | D:2      | Reached XP level 3. HP: 29/29 MP: 4/4
  1140 | D:2      | XOM: enchant monster (bad)
  1156 | D:2      | XOM: smoke on damage
  1157 | D:2      | XOM: enchant monster (bad)
  1220 | D:2      | Found a shadowy altar of Dithmenos.
  1622 | D:3      | Reached XP level 4. HP: 32/35 MP: 2/5
  1646 | D:3      | XOM: mild Air miscast
  1666 | D:3      | XOM: scenery: create altars
  1675 | D:3      | XOM: cloud trail
  1709 | D:3      | Reached skill level 4 in Maces & Flails
  1829 | D:3      | XOM: god gift: wand of iceblast (?/15) {god gift}
  1849 | D:3      | Found a hide-covered altar of Uskayaw.
  1875 | D:3      | XOM: god gift: bread ration
  2025 | D:4      | XOM: noise
  2061 | D:4      | XOM: butterfly on damage
  2066 | D:3      | XOM: fog
  2070 | D:3      | HP: 1/35 [orc/mace (2)]
  2071 | D:3      | Slain by an orc

Skill      XL: |  1  2  3  4 |
---------------+-------------+-----
Maces & Flails | 3 4 |  4.2
Spellcasting   | 1 |  1.0
Fighting       | |  3.0
Armour         | |  1.5
Dodging        | |  0.7

Action                   |  1- 3 |  4- 6 || total
-------------------------+-------+-------++-------
Melee: Mace              |   166 |    38 ||   204
  Use: Scroll            |       |     1 ||     1
 Stab: Paralysed         |     1 |       ||     1
Armor: Leather armour    |    94 |    18 ||   112
Dodge: Dodged            |   132 |    27 ||   159
